 Dungeon Sprint DCSS version 0.31.0-9-g3a7656b989 (webtiles) character file.

Game seed: 17824883160458685664

5728 Heoruswealwe the Impaler (level 10, 0/106 HPs)
             Began as a Minotaur Fighter on Feb 6, 2024.
             Was an Initiate of Gozag.
             Slain by a ten-headed hydra (4 damage)
             ... in the Dungeon (Sprint IX: "|||||||||||||||||||||||||||||").
             The game lasted 00:03:53 (564 turns).

Heoruswealwe the Impaler (Minotaur Fighter)          Turns: 564, Time: 00:03:54

Health: 0/106      AC: 27    Str: 25    XL:     10   Next: 48%
Magic:  9/9        EV:  8    Int:  5    God:    Gozag
Gold:   1962       SH:  0    Dex: 10    Spells: 9/9 levels left

rFire   . . .        b - +2 halberd (protect)
rCold   . . .        (shield currently unavailable)
rNeg    . . .        c - +0 plate armour
rPois   .            (helmet restricted)
rElec   .            (no cloak)
rCorr   .            (no gloves)
SInv    .            e - +0 pair of boots
Will    .....        (no amulet) Stlth
                     k - +2 ring of protection
HPRegen 0.37/turn    (no ring)
MPRegen 0.11/turn

%: no teleportation
@: gold aura, under a protective aura
A: horns 2, retaliatory headbutt
a: Renounce Religion, Potion Petition, Call Merchant, Bribe Branch


You were in the Dungeon.
You worshipped Gozag.
Gozag was most pleased with you.
You visited 1 branch You collected 1962 gold pieces.

Inventory:

Hand Weapons
 a - a +0 trident
 b - a +2 halberd of protection (weapon)
Armour
 c - a +0 plate armour (worn)
 d - a +0 buckler
 e - a +0 pair of boots (worn)
Jewellery
 k - a +2 ring of protection (left hand)
Wands
 h - a wand of roots (10)
Scrolls
 j - 3 scrolls of blinking
 o - a scroll of fog
 p - 2 scrolls of enchant weapon
 q - 2 scrolls of identify
Potions
 f - 2 potions of heal wounds
 g - a potion of haste
 i - a potion of berserk rage
 l - 7 potions of curing
 m - 2 potions of might
 n - 3 potions of mutation


   Skills:
 + Level 15.4 Fighting
 * Level 20.7 Polearms
 + Level 15.4 Armour
 - Level 3.6 Shields


You had 9 spell levels left.
You didn't know any spells.
Your spell library was empty.

Dungeon Overview and Level Annotations

Branches:
Dungeon (1/1)

Altars:
Cheibriados
Dithmenos
Elyvilon
Fedhas
Gozag
Hepliaklqana
Kikubaaqudgha
Makhleb
Nemelex Xobeh
Okawaru
Qazlal
Ru
Sif Muna
Trog
Uskayaw
Vehumet
Wu Jian
Xom
Yredelemnul
Zin
The Shining One
Jiyva
Lugonu


Innate Abilities, Weirdness & Mutations

You have a pair of horns on your head.
You reflexively headbutt those who attack you in melee.


Message History

The seven-headed hydra bites you.
* * * LOW HITPOINT WARNING * * *
The seven-headed hydra bites you but does no damage. x4
You hack one of the seven-headed hydra's heads off!
The six-headed hydra grows two more!
You puncture the eight-headed hydra!
The eight-headed hydra is lightly wounded.
The eight-headed hydra barely misses you.
The eight-headed hydra bites you.
* * * LOW HITPOINT WARNING * * *
The eight-headed hydra bites you but does no damage.
The eight-headed hydra bites you.
* * * LOW HITPOINT WARNING * * *
The eight-headed hydra bites you but does no damage. x2
The eight-headed hydra barely misses you.
The eight-headed hydra bites you!
* * * LOW HITPOINT WARNING * * *
You barely miss the eight-headed hydra.
The eight-headed hydra is lightly wounded.
The cane toad is distracted by your dazzling golden aura.
Unknown command.
You lop one of the eight-headed hydra's heads off!
The seven-headed hydra grows two more!
You puncture the nine-headed hydra!
The nine-headed hydra is lightly wounded.
The black bear is no longer distracted by gold.
The nine-headed hydra bites you but does no damage. x2
The nine-headed hydra barely misses you.
The nine-headed hydra bites you but does no damage.
The nine-headed hydra bites you.
* * * LOW HITPOINT WARNING * * *
The nine-headed hydra bites you but does no damage.
The nine-headed hydra closely misses you.
The nine-headed hydra bites you but does no damage. x2
You hack one of the nine-headed hydra's heads off!
The eight-headed hydra grows two more!
You impale the ten-headed hydra!! You headbutt the ten-headed hydra.
The ten-headed hydra is moderately wounded.
The ten-headed hydra bites you but does no damage. x6
The ten-headed hydra bites you.
You die...
Your body crumbles into a pile of gold.

▓.▓.▓_▓
▓.▓.▓_▓
▓.▓.▓_▓
▓.▓.▓_▓
▓.▓.▓_▓
▓.▓.▓_▓
▓.▓.▓_▓
▓.▓.▓_▓
▓@▓.▓_▓
▓D▓.▓_▓
▓h▓.▓_▓
▓S▓.▓_▓
▓.▓.▓_▓
▓F▓.▓_▓
▓Y▓.▓_▓
▓S▓.▓_▓
▓.▓_▓


You could see a death yak, a ten-headed hydra, a black mamba, a cane toad, a
water moccasin and a black bear.

Vanquished Creatures
  A hydra (D)
  A centaur warrior (D)
  A glowing orange brain (shapeshifter) (D)
  2 ugly things (D)
  A cyclops (D)
  A black mamba (D)
  An unseen horror (D)
  A cane toad (D)
  A rime drake (D)
  A troll (D)
  2 blink frogs (D)
  A shadow (D)
  3 wyverns (D)
  A yak (D)
  A basilisk (D)
  A water moccasin (D)
  A centaur (D)
  A kobold brigand (D)
  An adder (D)
  A dart slug (D)
  An orc (D)
  An endoplasm (D)
  A goblin (D)
  A hobgoblin (D)
  2 quokkas (D)
  A bat (D)
  A rat (D)
32 creatures vanquished.

Notes
Turn   | Place    | Note
-------+----------+-------------------------------------------
     0 | D        | Heoruswealwe the Minotaur Fighter began the quest for the
                  | Orb.
     0 | D        | Reached XP level 1. HP: 19/19 MP: 0/0
     8 | D        | Reached skill level 3 in Polearms
    22 | D        | Reached skill level 4 in Polearms
    22 | D        | Reached XP level 2. HP: 28/28 MP: 1/1
    30 | D        | Reached skill level 5 in Polearms
    39 | D        | Found a snail-covered altar of Cheibriados.
    39 | D        | Found a shadowy altar of Dithmenos.
    39 | D        | Found a white marble altar of Elyvilon.
    39 | D        | Found a blossoming altar of Fedhas.
    39 | D        | Found an opulent altar of Gozag.
    40 | D        | Found a hazy altar of Hepliaklqana.
    41 | D        | Found a viscous altar of Jiyva.
    42 | D        | Found an ancient bone altar of Kikubaaqudgha.
    43 | D        | Found a corrupted altar of Lugonu.
    44 | D        | Found a burning altar of Makhleb.
    45 | D        | Found a sparkling altar of Nemelex Xobeh.
    46 | D        | Found an iron altar of Okawaru.
    47 | D        | Became a worshipper of Gozag Ym Sagoz the Greedy
    48 | D        | Found a stormy altar of Qazlal.
    49 | D        | Found a sacrificial altar of Ru.
    50 | D        | Found a shimmering blue altar of Sif Muna.
    51 | D        | Found a bloodstained altar of Trog.
    52 | D        | Found a hide-covered altar of Uskayaw.
    53 | D        | Found a radiant altar of Vehumet.
    54 | D        | Found an ornate altar of the Wu Jian Council.
    55 | D        | Found a shimmering altar of Xom.
    56 | D        | Found a basalt altar of Yredelemnul.
    57 | D        | Found a glowing silver altar of Zin.
    58 | D        | Found a glowing golden altar of the Shining One.
   113 | D        | Noticed a wyvern
   113 | D        | Noticed a centaur
   113 | D        | Noticed a kobold brigand
   113 | D        | Noticed a troll
   113 | D        | Noticed a wyvern
   142 | D        | Killed an unseen horror
   143 | D        | Reached skill level 11 in Polearms
   143 | D        | Reached XP level 3. HP: 28/41 MP: 2/2
   143 | D        | Reached XP level 4. HP: 33/49 MP: 3/3
   143 | D        | Reached XP level 5. HP: 38/56 MP: 4/4
   143 | D        | Reached XP level 6. HP: 42/62 MP: 5/5
   146 | D        | Killed a wyvern
   147 | D        | Reached skill level 12 in Polearms
   151 | D        | Reached XP level 7. HP: 43/71 MP: 6/6
   156 | D        | Killed a troll
   157 | D        | Reached skill level 10 in Fighting
   157 | D        | Reached skill level 13 in Polearms
   157 | D        | Reached skill level 10 in Armour
   162 | D        | Reached skill level 14 in Polearms
   168 | D        | Killed a wyvern
   300 | D        | Noticed a cyclops
   300 | D        | Noticed a cyan ugly thing
   300 | D        | Noticed a green ugly thing
   300 | D        | Noticed a troll
   300 | D        | Noticed a shadow
   300 | D        | Noticed a centaur warrior
   304 | D        | Killed a cyclops
   305 | D        | Reached skill level 15 in Polearms
   305 | D        | Reached XP level 8. HP: 83/83 MP: 7/7
   315 | D        | Killed a green ugly thing
   316 | D        | Reached skill level 16 in Polearms
   322 | D        | a troll changed into a raiju
   322 | D        | Noticed a raiju (shapeshifter)
   331 | D        | Killed a green ugly thing
   332 | D        | Reached skill level 17 in Polearms
   332 | D        | Reached XP level 9. HP: 62/92 MP: 8/8
   334 | D        | a raiju changed into a glowing orange brain
   334 | D        | Noticed a glowing orange brain (shapeshifter)
   337 | D        | Killed a centaur warrior
   338 | D        | Reached skill level 18 in Polearms
   346 | D        | Killed a glowing orange brain
   472 | D        | Noticed a black mamba
   472 | D        | Noticed a rime drake
   478 | D        | Noticed a cane toad
   491 | D        | Killed a black mamba
   492 | D        | Reached skill level 19 in Polearms
   495 | D        | Reached XP level 10. HP: 56/104 MP: 9/9
   504 | D        | Killed a cane toad
   505 | D        | Reached skill level 20 in Polearms
   514 | D        | Reached skill level 15 in Fighting
   514 | D        | Reached skill level 15 in Armour
   552 | D        | Noticed a six-headed hydra
   552 | D        | Noticed a seven-headed hydra
   552 | D        | Noticed a cane toad
   552 | D        | Noticed a black mamba
   553 | D        | Noticed a death yak
   559 | D        | Killed an 11-headed hydra
   563 | D        | HP: 4/106 [nine-headed hydra (4)]
   564 | D        | Slain by a ten-headed hydra

Illustrated notes

Levels and vault maps discovered:
D:        linesprint [early_d, line_temple, items_1, d_10, items_2, lair_1,
          lair_end, items_3, orc_1, orc_end, items_4, d_15, swamp_1, shoals_1,
          snake_1, spider_1, d_20, vaults_1, items_5, swamp_end, shoals_end,
          snake_end, spider_end, vaults_end, d_27, items_6, zot_1, zot_end,
          crypt_end, forest_end, elf_end, slime_end, tomb_end, abyss_end,
          pan_hell_end]

Skill      XL: |  1  2  3  4  5  6  7  8  9 10 |
---------------+-------------------------------+-----
Polearms       | 4 11 12 15 17 19 20 | 20.7
Fighting       | 4 8 9 11 12 14 15 | 15.4
Armour         | 4 8 9 11 12 14 15 | 15.4
Shields        | |  3.6

Action                     |  1- 3 |  4- 6 |  7- 9 | 10-12 || total
---------------------------+-------+-------+-------+-------++-------
  Melee: Trident           |    22 |       |       |       ||    22
         Headbutt          |     4 |     2 |    23 |     8 ||    37
         Halberd           |    28 |     8 |    73 |    34 ||   143
    Use: Potion            |     1 |       |       |       ||     1
 Armour: Scale mail        |     9 |       |       |       ||     9
         Plate armour      |    66 |     6 |    58 |    65 ||   195
  Dodge: Dodged            |     9 |     1 |    16 |    14 ||    40
  Block: Buckler           |     3 |       |       |       ||     3
